 Dungeon Crawl Stone Soup version 0.20.1-1-g8b1a95d (webtiles) character file.

254 Phantomfrettchen the Insei (level 6, -14/39 HPs)
             Began as an Octopode Transmuter on Oct 7, 2017.
             Killed from afar by a steam dragon (19 damage)
             ... with a ball of steam
             ... on level 4 of the Dungeon on Oct 11, 2017.
             The game lasted 00:11:56 (3471 turns).

Phantomfrettchen the Insei (Octopode Transmuter)    Turns: 3471, Time: 00:11:57

Health: -14/39     AC:  1    Str: 10    XL:     6   Next: 15%
Magic:  3/9        EV: 21    Int: 15    God:
Gold:   147        SH:  0    Dex: 19    Spells: 3/9 levels left

rFire    . . .     SeeInvis +     - Unarmed
rCold    . . .     Gourm    .   (no shield)
rNeg     . . .     Faith    .   (helmet restricted)
rPois    .         Spirit   .   (no amulet)
rElec    .         Reflect  .   j - ring of see invisible
rCorr    .         Harm     .   (no ring)
MR       .....                  (no ring)
Stlth    +++.......             (no ring)
Regen    0.2/turn               (no ring)
MPRegen  0.2/turn               (no ring)
                                (no ring)
                                (no ring)

@: confused, agile, very slightly contaminated, invisible
A: almost no armour, stealthy swim, amphibious, 8 rings, constrict 8, camouflage
1, gelatinous body 1
a: no special abilities


You were on level 4 of the Dungeon.
You were not hungry.

You visited 1 branch of the dungeon, and saw 4 of its levels.

You collected 147 gold pieces.

Inventory:

Missiles
 a - 69 arrows
 h - 75 stones (quivered)
 o - 12 poisoned needles
 t - 6 bolts
 u - 2 throwing nets
Jewellery
 j - a ring of see invisible (left tentacle)
Scrolls
 e - 2 scrolls of enchant armour {unknown}
 f - a scroll of immolation {unknown}
 g - 3 scrolls of identify {unknown}
 m - 3 scrolls of amnesia {unknown}
 n - a scroll of recharging {unknown}
 q - a scroll of fear {unknown}
 r - a scroll of fog {unknown}
 s - 2 scrolls of teleportation {unknown}
Potions
 l - a potion of curing
 p - a potion of mutation {unknown}
 v - a potion of invisibility
Books
 b - a book of Changes

   Spells                             Type                      Level
   a - Beastly Appendage              Transmutation                1
   b - Sticks to Snakes               Transmutation                2
   c - Spider Form                    Transmutation/Poison         3
   d - Ice Form                       Ice/Transmutation            4
   e - Blade Hands                    Transmutation                5
Comestibles
 c - a bread ration
 d - a royal jelly
 i - 6 chunks of flesh
 k - a fruit


   Skills:
 + Level 2.1 Fighting
 - Level 4.0 Dodging
 - Level 5.1 Unarmed Combat
 + Level 2.0 Spellcasting
 + Level 2.0 Transmutations
 - Level 1.0 Poison Magic


You had 3 spell levels left.
You knew the following spells:

 Your Spells              Type           Power        Failure   Level  Hunger
a - Beastly Appendage     Tmut           #.....       10%         1    #......
b - Sticks to Snakes      Tmut           #.......     14%         2    ###....
c - Spider Form           Tmut/Pois      #.........   34%         3    ###....


Dungeon Overview and Level Annotations

Branches:
Dungeon (4/15)
 Temple: D:4-7

Altars:


Innate Abilities, Weirdness & Mutations

You cannot wear most types of armour.
You are very stealthy in the water. (Stealth+)
You are amphibious.
You can wear up to eight rings at the same time.
You can use your tentacles to constrict eight enemies at once.
Your skin changes colour to match your surroundings (Stealth+).
Your rubbery body absorbs attacks. (AC +1, EV +1)


Message History

Some of the chunks of flesh in your inventory have rotted away.
It was a potion of invisibility.
You fade into invisibility!
You are engulfed in noxious fumes.
You choke on the stench!
You are more confused.
* * * LOW HITPOINT WARNING * * *
The steam dragon closely misses you. The steam dragon misses you.
You closely miss the steam dragon.
The steam dragon is heavily wounded.
You are engulfed in noxious fumes.
You choke on the stench!
You are more confused.
* * * LOW HITPOINT WARNING * * *
The steam dragon misses you. The steam dragon closely misses you.
It was a potion of agility.
You feel agile all of a sudden.
You are engulfed in noxious fumes.
You choke on the stench!
You are more confused.
The steam dragon breathes steam at you. The ball of steam hits you!
You die...

.. #.# ... #.# ####
#.# #.# #.# #.# #.#
#.################.#
......D@...........#
#.#.################


You could see a steam dragon.

Vanquished Creatures
  The ghost of nano the Insei, an amateur OpTm (D:3)
  A hound (D:4)
  A hound skeleton (D:3)
  3 gnolls (D:3)
  3 adders (D:3)
  An ooze (D:1)
  A worm (D:2)
  6 dart slugs
  2 leopard geckos
  An orc (D:3)
  A giant cockroach (D:3)
  6 goblins
  9 hobgoblins
  4 jackals
  A quokka (D:4)
  3 ball pythons
  10 bats
  3 frilled lizards
  6 kobolds
  4 rats
67 creatures vanquished.

Notes
Turn   | Place    | Note
-------+----------+-------------------------------------------
     0 | D:1      | Phantomfrettchen the Octopode Transmuter began the quest for the Orb.
     0 | D:1      | Reached XP level 1. HP: 13/13 MP: 3/3
    48 | D:1      | Reached XP level 2. HP: 10/18 MP: 5/5
   534 | D:1      | Reached skill level 4 in Unarmed Combat
   534 | D:1      | Reached XP level 3. HP: 10/23 MP: 6/6
  1910 | D:3      | Reached XP level 4. HP: 26/28 MP: 7/7
  2219 | D:3      | Reached skill level 5 in Unarmed Combat
  2674 | D:3      | Noticed nano's ghost (amateur OpTm)
  2700 | D:4      | Learned a level 2 spell: Sticks to Snakes
  2704 | D:4      | Learned a level 3 spell: Spider Form
  2875 | D:3      | Killed nano's ghost
  2875 | D:3      | Reached skill level 1 in Poison Magic
  2875 | D:3      | Reached XP level 5. HP: 5/34 MP: 2/8
  3325 | D:4      | Reached XP level 6. HP: 28/39 MP: 7/9
  3458 | D:4      | Noticed a steam dragon
  3471 | D:4      | Killed from afar by a steam dragon

Skill      XL: |  1  2  3  4  5 |
---------------+----------------+-----
Unarmed Combat | 4 5 |  5.1
Dodging        | 3 4 |  4.0
Poison Magic   | 1 |  1.0
Fighting       | 2 |  2.1
Spellcasting   | |  2.0
Transmutations | |  2.0

Action                   |  1- 3 |  4- 6 || total
-------------------------+-------+-------++-------
Melee: Unarmed           |   100 |    77 ||   177
       Constrict         |    29 |    14 ||    43
       Tentacles         |    11 |    13 ||    24
       Punch             |     3 |       ||     3
       Kick              |     8 |     3 ||    11
 Cast: Beastly Appendage |    12 |     8 ||    20
       Spider Form       |       |     2 ||     2
  Use: Potion            |       |     4 ||     4
 Stab: Sleeping          |     5 |     4 ||     9
  Eat: Chunk             |     3 |     6 ||     9
Armor: Skin              |    11 |     3 ||    14
Dodge: Dodged            |    90 |    67 ||   157
